 Dungeon Crawl Stone Soup version 0.20.1-1-g8b1a95d66d (webtiles) character file.

46 BrokenGlass the Scratcher (level 3, 0/17 HPs)
             Began as a Felid Fighter on Dec 25, 2017.
             Was a Follower of Qazlal.
             Slain by a kobold
             ... wielding a +0 short sword
              (5 damage)
             ... on level 2 of the Dungeon.
             The game lasted 00:01:04 (964 turns).

BrokenGlass the Scratcher (Felid Fighter)            Turns: 964, Time: 00:01:05

Health: 0/17       AC:  1    Str: 13    XL:     3   Next: 44%
Magic:  4/4        EV: 19    Int:  9    God:    Qazlal [*.....]
Gold:   110        SH:  1    Dex: 15    Spells: 2/2 levels left
                                        Lives:  0   Deaths: 0

rFire    . . .     SeeInvis +     - Unarmed
rCold    . . .     Gourm    .   (shield unavailable)
rNeg     . . .     Faith    .   (armour unavailable)
rPois    .         Spirit   .   (helmet unavailable)
rElec    .         Reflect  .   (cloak unavailable)
rCorr    .         Harm     .   (gloves unavailable)
MR       .....                  (boots unavailable)
Stlth    ++........             (no amulet)
Regen    0.1/turn               (no ring)
MPRegen  0.1/turn               (no ring)

@: quick
A: no armour, no weapons or thrown items, stealth, claws 1, fangs 3, see
invisible, carnivore 3, speed 1, shaggy fur 1, slow metabolism 1, sharp paws
a: Renounce Religion


You were on level 2 of the Dungeon.
You worshipped Qazlal.
Qazlal was aware of your devotion.
You were full.

You visited 1 branch of the dungeon, and saw 2 of its levels.

You collected 110 gold pieces.

Inventory:

Scrolls
 d - 4 scrolls of remove curse {unknown}
 e - a scroll of fog {unknown}
 h - a scroll of enchant armour {unknown}
 j - a scroll of random uselessness {unknown}
Potions
 a - a potion of might
 c - a potion of haste
 f - a potion of heal wounds
 g - a potion of flight {unknown}
 i - a potion of lignification {unknown}
Comestibles
 b - 2 meat rations


   Skills:
 - Level 3.0 Fighting
 - Level 4.0 Dodging
 + Level 5.2 Unarmed Combat


You had 2 spell levels left.
You didn't know any spells.

Dungeon Overview and Level Annotations

Branches:
Dungeon (2/15)

Altars:
Qazlal


Innate Abilities, Weirdness & Mutations

You cannot wear armour.
You are incapable of wielding weapons or throwing items.
Your paws allow you to move quietly. (Stealth)
You have sharp claws.
You have razor-sharp teeth.
You have supernaturally acute eyesight. (SInv)
You are carnivorous and can eat meat at any time.
You cover ground quickly.
You are covered in fur. (AC +1)
You have a slow metabolism.
Your sharp claws are effective at attacking unaware monsters.


Message History

You are too injured to fight recklessly!
You are too injured to fight recklessly!
You are too injured to fight recklessly!
Unknown command.
You miss the leopard gecko.
The leopard gecko is heavily wounded.
You block the leopard gecko's attack.
Unknown command.
You barely miss the leopard gecko. Your bite misses the leopard gecko.
The leopard gecko is heavily wounded.
The leopard gecko bites you.
* * * LOW HITPOINT WARNING * * *
Unknown command.
You scratch the leopard gecko. You bite the leopard gecko.
You kill the leopard gecko!
Qazlal accepts your kill.
Unknown command.
Unknown command.
The kobold hits you with a short sword.
You die...

............#
............#
............#
.............#
.....[.......#
.............#
#........§K†..##
+........@(...>#
..............#
..............#
##..#$...###.#
#####.#....# #
...........#
...........#
...........+
....(......#


You could see a kobold.

Vanquished Creatures
  2 adders (D:2)
  An ooze (D:2)
  A leopard gecko (D:2)
  2 giant cockroaches
  A hobgoblin (D:2)
  8 jackals (D:2)
  2 bats (D:1)
  A frilled lizard (D:2)
  A kobold (D:1)
  2 rats
21 creatures vanquished.

Notes
Turn   | Place    | Note
-------+----------+-------------------------------------------
     0 | D:1      | BrokenGlass the Felid Fighter began the quest for the Orb.
     0 | D:1      | Reached XP level 1. HP: 10/10 MP: 2/2
   496 | D:2      | Reached XP level 2. HP: 12/14 MP: 3/3
   630 | D:2      | Reached skill level 5 in Unarmed Combat
   630 | D:2      | Reached XP level 3. HP: 17/17 MP: 4/4
   789 | D:2      | Found a faded altar of an unknown god.
   933 | D:2      | Became a worshipper of Qazlal Stormbringer
   933 | D:2      | Reached * piety under Qazlal
   964 | D:2      | Slain by a kobold

Skill      XL: |  1  2 |
---------------+-------+-----
Unarmed Combat | 5 |  5.2
Fighting       | |  3.0
Dodging        | |  4.0

Action                   || total
-------------------------++-------
Melee: Unarmed           ||    72
       Bite              ||     4
  Use: Potion            ||     2
 Stab: Sleeping          ||     2
  Eat: Chunk             ||     4
Armor: Skin              ||     5
Dodge: Dodged            ||    53
Block: Other             ||     2
